 Dungeon Crawl Stone Soup version 0.30-a0-1103-g25895a7845 (webtiles) character file.

Game seed: 15490646505457822905

29 LustLizard the Gusty (level 3, -3/20 HPs)
             Began as a Deep Elf Air Elementalist on Apr 18, 2023.
             Succumbed to a gnoll's poison
             ... on level 1 of the Dungeon.
             The game lasted 00:01:27 (984 turns).

LustLizard the Gusty (Deep Elf Air Elementalist)     Turns: 984, Time: 00:01:27

Health: -3/20      AC:  2    Str:  7    XL:     3   Next: 1%
Magic:  5/9        EV: 17    Int: 19    God:
Gold:   42         SH:  0    Dex: 15    Spells: 5/8 levels left

rFire   . . .      SeeInvis .    c - +0 short sword
rCold   . . .      Faith    .    (no shield)
rNeg    . . .      Spirit   .    a - +0 robe
rPois   .          Reflect  .    (no helmet)
rElec   .          Rampage  .    (no cloak)
rCorr   .                        (no gloves)
Will    .....                    (no boots)
Stlth   ++                       (no amulet)
HPRegen 0.23/turn                f - +5 ring of evasion
MPRegen 0.11/turn                (no ring)

@: lethally poisoned (-3 -> -25)
A: no striking features
a: no special abilities


You were on level 1 of the Dungeon.
You visited 1 branch of the dungeon, and saw 2 of its levels.

You collected 42 gold pieces.

Inventory:

Hand Weapons
 c - a +0 short sword (weapon)
Armour
 a - a +0 robe (worn)
Jewellery
 f - a +5 ring of evasion (left hand)
Scrolls
 d - 2 scrolls of identify {unknown}
 g - 2 scrolls of immolation {unknown}
 h - a scroll of magic mapping {unknown}
Potions
 b - a potion of magic
 e - a potion of mutation {unknown}
 i - 2 potions of curing {unknown}
 j - a potion of cancellation {unknown}
 k - a potion of ambrosia {unknown}


   Skills:
 + Level 0.5 Fighting
 - Level 2.4 Dodging
 + Level 2.7 Stealth
 + Level 3.3 Spellcasting
 * Level 1.9 Conjurations
 * Level 3.4 Air Magic


You had 5 spell levels left.
You knew the following spells:

 Your Spells              Type           Power      Damage    Failure   Level
a - Shock                 Conj/Air       52%        1d6       4%          1
b - Static Discharge      Conj/Air       26%        2-4/arc   8%          2

Your spell library contained the following spells:

 Spells                   Type           Power      Damage    Failure   Level
 Swiftness                Air            16%        N/A       11%         3
 Airstrike                Air            8%         2d(2-18)  36%         4


Dungeon Overview and Level Annotations

Branches:
Dungeon (2/15)

Altars:

Annotations:
D:2 Sigmund


Message History

You kill the quokka!
The lightning grounds out.
Magic restored.
There is a stone staircase leading down here.
You start resting.
HP restored.
You climb downwards.
Level annotation: Sigmund
Found a bubbling puce potion and a fuming white potion.
There is a stone staircase leading up here.
Aiming: Shock (safe; 4% risk of failure)
Press: ? - help, Q - select action, (/) - cycle Shift-Dir - straight line, f - ball python
Aim: a ball python (asleep, 100% to hit)
The zap hits the ball python.
You kill the ball python!
You have reached level 3!
Your experience leads to an increase in your attributes!
Increase (S)trength, (I)ntelligence, or (D)exterity?
You feel stronger. x2
Aiming: Shock (safe; 4% risk of failure)
Press: ? - help, Q - select action, (/) - cycle Shift-Dir - straight line, f - kobold
Aim: a kobold, wielding a +0 whip and quivering stones (asleep, 100% to hit)
The zap hits the kobold.
You kill the kobold!
The gnoll shouts! x2; You hear a shout!
Aiming: Shock (safe; 4% risk of failure)
Press: ? - help, Q - select action, (/) - cycle Shift-Dir - straight line, f - gnoll
Aim: a gnoll, wielding a +2 spear of venom (72% to hit)
The zap hits the gnoll.
The gnoll is lightly wounded.
The zap hits the gnoll.
The gnoll is lightly wounded.
The gnoll hits you from afar with a +2 spear of venom.
You are lethally poisoned!
You feel very sick.
The gnoll hits you from afar with a +2 spear of venom.
* * * LOW HITPOINT WARNING * * *
You are more poisoned.
You climb upwards.
You die...

...# #..........#######.#
...######).######## #.#
...........# #.#
..#######..######### #.# ..#
#..#...>...# #.# ###
#..#.#####.# #.# #..#.#####.#
#.# #.......##.# ##.##
##.#.##.@..#####...#
#.#.##.##.......#.#
#.#.......#.###...#
#.###.#####....####
##########.# #.## ##.##.#
...'....##.###..###.###.######
~~~##.#......................#
8~###...##.####.#######.####.#
~~~###.###.# #.# #.# #.#


There were no monsters in sight!

Vanquished Creatures
  An adder (D:2)
  A dart slug (D:1)
  A ball python (D:2)
  2 bats (D:1)
  An endoplasm (D:1)
  2 giant cockroaches (D:1)
  A goblin (D:1)
  3 hobgoblins
  A quokka (D:1)
  A kobold (D:2)
  2 rats (D:1)
16 creatures vanquished.

Notes
Turn   | Place    | Note
-------+----------+-------------------------------------------
     0 | D:1      | LustLizard the Deep Elf Air Elementalist began the quest
                  | for the Orb.
     0 | D:1      | Reached XP level 1. HP: 10/10 MP: 6/6
   245 | D:1      | Reached XP level 2. HP: 15/15 MP: 5/8
   723 | D:1      | Found a faded altar of an unknown god.
   846 | D:2      | Learned a level 2 spell: Static Discharge
   914 | D:2      | Noticed Sigmund
   981 | D:2      | Reached XP level 3. HP: 20/20 MP: 7/9
   984 | D:1      | Succumbed to a gnoll's poison

Illustrated notes

Levels and vault maps discovered:
D:1:      tarquinn_simple_flora_water_d, layout_loops_ring,
          shapermc_ecumenical_altar_hornbeckon
D:2:      layout_rooms, uniq_robin, uniq_sigmund

Action                     || total
---------------------------++-------
   Cast: Shock             ||    32
         Static Discharge  ||     1
 Armour: Robe              ||     2
  Dodge: Dodged            ||     5

Table legend: (Time is in decaauts)
 A = Elapsed time spent in this place.
 B = Non-inter-level travel time spent in this place.
 C = Inter-level travel time spent in this place.
 D = Time resting spent in this place.
 E = Time spent auto-exploring this place.
 F = Levels seen in this place.
 G = Mean time per level.
                   A        B        C        D        E       F      G
               +--------+--------+--------+--------+--------+-----+--------+
         Total |    989 |    932 |     57 |     41 |    795 |   2 |  494.5 |
       Dungeon |    989 |    932 |     57 |     41 |    795 |   2 |  494.5 |
               +--------+--------+--------+--------+--------+-----+--------+

Top non-repeatable levels by time:
     D:1: 876 daAuts
     D:2: 112 daAuts
